 Dungeon Crawl Stone Soup version 0.26.1-2-gb8aa6d0cf2 (webtiles) character file.

Game seed: 16398528573226004927

8052 nightchill the Fighter (level 11, -6/72 HPs)
             Began as a Gargoyle Fighter on Mar 4, 2021.
             Was a High Priest of Okawaru.
             Mangled by Erolcha
             ... wielding a +0 giant spiked club
              (18 damage)
             ... on level 11 of the Dungeon.
             The game lasted 00:35:09 (12529 turns).

nightchill the Fighter (Gargoyle Fighter)          Turns: 12529, Time: 00:35:09

Health: -6/72      AC: 23    Str: 20      XL:     11   Next: 24%
Magic:  22/26      EV:  7    Int: 12      God:    Okawaru [*****.]
Gold:   576        SH:  0    Dex:  6 (9)  Spells: 10/10 levels left

rFire    . . .     SeeInvis .   a - +6 lajatang
rCold    + . .     Faith    +   (shield currently unavailable)
rNeg     + . .     Spirit   .   T - +4 chain mail
rPois    ∞         Reflect  .   (no helmet)
rElec    +         Harm     .   (no cloak)
rCorr    .         Rampage  .   z - +1 pair of gloves
Will     .....                  (no boots)
Stlth    ..........             D - amulet of faith
HPRegen  0.22/turn              l - ring of protection from cold
MPRegen  0.20/turn              H - ring of magical power

@: finesse
A: negative energy resistance 1, electricity resistance, unbreathing,
petrification resistance, miasma immunity, AC +8
a: Renounce Religion, Heroism, Finesse


You were on level 11 of the Dungeon.
You worshipped Okawaru.
Okawaru was extremely pleased with you.
You visited 2 branches of the dungeon, and saw 12 of its levels.
You also visited: Bailey.

You collected 745 gold pieces.
You spent 169 gold pieces at shops.

Inventory:

Hand Weapons
 a - a +6 lajatang (weapon)
 M - a +2 whip of electrocution
Missiles
 i - 5 silver boomerangs
 j - 19 javelins
 x - 42 sling bullets
 y - 22 poisoned darts
 E - 3 boomerangs (quivered)
 P - 8 boomerangs of dispersal
Armour
 e - a +0 ring mail of cold resistance
 z - a +1 pair of gloves (worn)
 T - a +4 chain mail (worn)
Jewellery
 c - an uncursed amulet of magic regeneration
 l - a ring of protection from cold (left hand)
 t - an uncursed ring of ice
 D - an amulet of faith (around neck)
 H - a ring of magical power (right hand)
Wands
 b - a wand of enslavement (10)
 n - a wand of random effects (30)
 p - a wand of iceblast (12)
 B - a wand of paralysis (10)
 O - a wand of flame (13)
Scrolls
 f - a scroll of amnesia
 g - a scroll of magic mapping
 h - a scroll of fear
 s - a scroll of holy word
 u - 2 scrolls of fog
 w - a scroll of blinking
 C - 2 scrolls of teleportation
 F - a scroll of remove curse
 R - 2 scrolls of enchant armour
 U - a scroll of immolation
Potions
 d - 3 potions of might
 m - 4 potions of curing
 o - 2 potions of brilliance
 q - 3 potions of resistance
 r - a potion of flight
 v - 2 potions of heal wounds
 A - 3 potions of lignification
 G - a potion of haste
 J - 3 potions of mutation
 K - a potion of berserk rage
 N - 2 potions of magic
Miscellaneous
 S - a phantom mirror


   Skills:
 + Level 10.0 Fighting
 - Level 8.1(10.0) Maces & Flails
 * Level 9.4(10.6) Staves
 - Level 3.2 Armour
 - Level 3.2 Shields
 + Level 9.1 Invocations


You had 10 spell levels left.
You didn't know any spells.
Your spell library contained the following spells:

 Spells                   Type           Power        Failure   Level
 Beastly Appendage        Tmut           0%           98%         1
 Magic Dart               Conj           0%           98%         1
 Searing Ray              Conj           0%           99%         2
 Wereblood                Tmut           0%           99%         2
 Dazzling Flash           Conj/Hex       0%           100%        3
 Spider Form              Tmut/Pois      0%           100%        3
 Fulminant Prism          Conj/Hex       0%           100%        4
 Ice Form                 Ice/Tmut       0%           100%        4
 Iskenderun's Mystic Bla  Conj/Tloc      0%           100%        4
 Blade Hands              Tmut           0%           100%        5


Dungeon Overview and Level Annotations

Branches:
Dungeon (11/15)            Temple (1/1) D:6          Bailey (visited)
   Lair: D:8-11         Orc: D:9-12

Altars:
Ashenzari
Cheibriados
Elyvilon
Fedhas
Gozag
Kikubaaqudgha
Makhleb
Nemelex Xobeh
Okawaru
Qazlal
Ru
Sif Muna
Xom
Yredelemnul
Zin
The Shining One
Jiyva

Shops:
D:9 !   D:10 (

Annotations:
D:1 exclusion: downstairs
D:9 1 runed translucent door, exclusions: 2 doors and downstairs, BCrake's ghost, novice DsWn
D:11 Erolcha


Innate Abilities, Weirdness & Mutations

You are resistant to torment.
Your stone body is resilient. (AC +8)
You are immune to poison.
You resist negative energy. (rN+)
You are resistant to electric shocks. (rElec)
You can survive without breathing.
You are immune to petrification.
You are immune to miasma.


Message History

You barely miss Erolcha.
Erolcha hits you with a +0 giant spiked club!
* * * LOW HITPOINT WARNING * * *
You barely miss Erolcha. You slice Erolcha!!
Erolcha is moderately wounded.
Erolcha tries to grin evilly.
Erolcha casts a spell at you. You resist with some effort.
You hit Erolcha but do no damage.
Erolcha is moderately wounded.
Your chain mail prevents you from hitting Erolcha.
Erolcha is moderately wounded.
Erolcha closely misses you.
You slash Erolcha!
Erolcha is heavily wounded.
You slash Erolcha!
Erolcha is severely wounded.
Erolcha hits you with a +0 giant spiked club!!
You die...

#O# #.#
#.# #O#
#####.###
#.......#
#.###.#D#
#.#O#
#.#@#
..#.#
###.# #.#
#.# #.#
#<# ###


You could see Erolcha (fast) and an acid dragon.

Vanquished Creatures
  Joseph (D:8)
  2 gargoyles (D:10)
  3 trolls (D:10)
  3 yaks (D:10)
  Edmund (D:6)
  Duvessa (D:7)
  A hornet zombie (D:10)
  2 ice beasts
  2 sky beasts
  11 orc warriors
  3 ogres
  A necrophage (D:10)
  2 phantoms
  12 centaurs
  2 big kobolds (D:7)
  7 bullfrogs
  Dowan (D:7)
  4 scorpions
  A water moccasin skeleton (D:8)
  4 wights
  2 howler monkeys
  A bullfrog zombie (D:10)
  A quasit (D:10)
  7 orc priests
  6 hounds
  4 iguanas
  3 jellies
  A centaur skeleton (D:8)
  11 orc wizards
  10 worker ants
  4 hound skeletons
  A worker ant zombie (D:9)
  A howler monkey skeleton (D:5)
  10 adders
  7 gnolls
  2 shadow imps
  4 white imps
  2 ufetubi
  2 oozes
  2 worms
  A dart slug (D:3)
  7 leopard geckos
  60 orcs
  9 giant cockroaches
  15 goblins
  7 hobgoblins
  22 jackals
  7 quokkas
  6 bats
  6 frilled lizards
  9 kobolds
  A leopard gecko zombie (D:5)
  A quokka skeleton (D:5)
  A quokka zombie (D:8)
  5 rats
302 creatures vanquished.

Vanquished Creatures (others)
  A bullfrog zombie (D:11)
1 creature vanquished.

Grand Total: 303 creatures vanquished

Notes
Turn   | Place    | Note
-------+----------+-------------------------------------------
     0 | D:1      | nightchill the Gargoyle Fighter began the quest for the
                  | Orb.
     0 | D:1      | Reached XP level 1. HP: 14/14 MP: 1/1
   357 | D:1      | Reached XP level 2. HP: 14/19 MP: 2/2
  1000 | D:2      | Found a glowing golden altar of the Shining One.
  1024 | D:2      | Reached XP level 3. HP: 23/24 MP: 3/3
  1110 | D:2      | Found an iron altar of Okawaru.
  1120 | D:2      | Became a worshipper of Warmaster Okawaru
  1252 | D:2      | Reached skill level 4 in Fighting
  1266 | D:2      | Reached XP level 4. HP: 27/29 MP: 4/4
  1686 | D:2      | Reached skill level 1 in Invocations
  1687 | D:2      | Reached XP level 5. HP: 31/33 MP: 4/6
  1764 | D:2      | Reached * piety under Okawaru
  2055 | D:2      | Found a sacrificial altar of Ru.
  2267 | D:3      | Reached XP level 6. HP: 24/39 MP: 7/7
  2382 | D:3      | Found a snail-covered altar of Cheibriados.
  2405 | D:3      | Found a shimmering altar of Xom.
  2502 | D:3      | Found a faded altar of an unknown god.
  3109 | D:3      | Reached skill level 5 in Maces & Flails
  3259 | D:4      | Found an ancient bone altar of Kikubaaqudgha.
  3314 | D:4      | Reached skill level 5 in Fighting
  3559 | D:4      | Reached XP level 7. HP: 33/44 MP: 6/9
  3981 | D:5      | Entered Level 5 of the Dungeon
  4091 | D:5      | Reached ** piety under Okawaru
  4176 | D:5      | Reached XP level 8. HP: 51/51 MP: 7/11
  4220 | D:5      | Got a smoking ring mail
  4227 | D:5      | Identified the +3 ring mail of Orphiwul {+Blink Stlth+}
                  | (You found it on level 5 of the Dungeon)
  4331 | D:5      | Reached skill level 6 in Fighting
  5070 | D:6      | Reached skill level 5 in Invocations
  5118 | D:6      | Reached *** piety under Okawaru
  5282 | D:6      | Found a staircase to the Ecumenical Temple.
  5319 | Temple   | Entered the Ecumenical Temple
  5377 | D:6      | Noticed Edmund
  5385 | D:6      | Killed Edmund
  5945 | D:7      | Reached skill level 1 in Staves
  5945 | D:7      | Reached XP level 9. HP: 55/56 MP: 13/13
  5990 | D:7      | Reached skill level 7 in Fighting
  6154 | D:7      | Reached **** piety under Okawaru
  6909 | D:7      | Noticed Duvessa
  6916 | D:7      | Noticed Dowan
  6921 | D:7      | Killed Duvessa
  6928 | D:7      | Killed Dowan
  7582 | D:8      | Found a blossoming altar of Fedhas.
  7583 | D:8      | Found a stormy altar of Qazlal.
  7738 | D:8      | Reached skill level 5 in Staves
  7760 | D:8      | Reached skill level 8 in Fighting
  7949 | D:8      | Noticed Joseph
  7968 | D:8      | Killed Joseph
  7984 | D:8      | Found a sparkling altar of Nemelex Xobeh.
  8144 | D:9      | Found Zymelirph's Distillery.
  8151 | D:9      | Bought a potion of flight for 39 gold pieces
  8151 | D:9      | Bought a potion of haste for 130 gold pieces
  8165 | D:9      | Found a flagged portal.
  8170 | D:9      | Reached ***** piety under Okawaru
  8175 | D:9      | Reached XP level 10. HP: 63/64 MP: 15/15
  8213 | Bailey   | Entered a bailey
  9613 | Bailey   | Reached skill level 9 in Fighting
 10402 | D:9      | Found a burning altar of Makhleb.
 10510 | D:9      | Found a runed translucent door.
 10653 | D:9      | Found a glowing silver altar of Zin.
 10692 | D:9      | Found a broken altar of Ashenzari.
 10693 | D:9      | Found an opulent altar of Gozag.
 10760 | D:9      | Found a snail-covered altar of Cheibriados.
 10794 | D:9      | Received a gift from Okawaru
 11146 | D:9      | Noticed BCrake's ghost (novice DsWn)
 11165 | D:10     | Entered Level 10 of the Dungeon
 11165 | D:10     | Noticed a gargoyle
 11428 | D:10     | Killed a gargoyle
 11429 | D:10     | Reached XP level 11. HP: 29/72 MP: 17/17
 11860 | D:10     | Found Muthror's Weapon Shoppe.
 12315 | D:10     | Reached skill level 10 in Fighting
 12510 | D:11     | Noticed Erolcha
 12529 | D:11     | Mangled by Erolcha

Illustrated notes

Levels and vault maps discovered:
D:1:      lightli_arrival_noodles, layout_basic
D:2:      layout_loops_cross, overflow_temple_1_default,
          nicolae_ru_path_of_blood, okawaru_altar_gauntlet_db
D:3:      layout_loops_ring, general_overflow_altar,
          chequers_ecumenical_altar_simple, kennysheep_slug_shrine
D:4:      layout_gridville, kiku_gazebo_garden_becter, minivault_11
D:5:      layout_basic
D:6:      hangedman_cross_stitches, layout_loops_ring,
          minmay_temple_entry_junction_2, uniq_edmund
D:7:      layout_loops_corners, minivault_19, minmay_unpleasant_kobolds,
          uniq_duvessa
D:8:      layout_rooms, grunt_temple_overflow_forces_of_nature,
          nemelex_xobeh_ov_fountains_minmay, st_stairs_2, minmay_misc_feat_chi,
          uniq_joseph
D:9:      layout_roguey, grunt_temple_overflow_open,
          ebering_ghost_reflecting_pool, serial_shops, nicolae_shop_stone,
          enter_bailey_5, lightli_fourway_metalbox
D:10:     layout_basic, serial_shops, shop
D:11:     layout_basic, lair_entry_dummy, uniq_erolcha
Temple:   pf_slimified_temple

Skill      XL: |  1  2  3  4  5  6  7  8  9 10 11 |
---------------+----------------------------------+-----
Maces & Flails | 3 4 5 6 8 |  8.1
Fighting       | 4 5 6 8 9 10 | 10.0
Invocations    | 1 2 3 4 5 7 8 9 |  9.1
Staves         | 1 5 8 9 |  9.4
Armour         | |  3.2
Shields        | |  3.2

Action                   |  1- 3 |  4- 6 |  7- 9 | 10-12 || total
-------------------------+-------+-------+-------+-------++-------
Melee: Flail             |    42 |       |       |       ||    42
       Whip              |    67 |   197 |   181 |       ||   445
       Lajatang          |       |       |   222 |   400 ||   622
Throw: Boomerang         |       |       |       |   155 ||   155
Invok: Heroism           |       |     1 |     7 |     8 ||    16
       Finesse           |       |       |       |     2 ||     2
Evoke: Wand              |       |     4 |     4 |       ||     8
  Use: Scroll            |       |     2 |    18 |    10 ||    30
       Potion            |       |       |       |     2 ||     2
Armor: Scale mail        |    10 |       |       |       ||    10
       Plate armour      |    42 |   122 |   226 |   149 ||   539
       Chain mail        |       |       |       |   180 ||   180
Dodge: Dodged            |    21 |    17 |    73 |   132 ||   243
Block: Kite shield       |    63 |    83 |    55 |       ||   201
